 Dungeon Crawl Stone Soup version 0.21-a0-417-g0adc95b (webtiles) character file.

711 theanonym the Ruffian (level 7, -4/61 HPs)
             Began as a Ghoul Monk on Nov 3, 2017.
             Slain by a hornet (5 damage)
             ... on level 4 of the Dungeon.
             The game lasted 00:09:07 (4319 turns).

theanonym the Ruffian (Ghoul Monk)                  Turns: 4319, Time: 00:09:07

Health: -4/61      AC: 13    Str: 17    XL:     7   Next: 68%
Magic:  6/6        EV: 12    Int:  5    God:
Gold:   221        SH:  0    Dex: 16    Spells: 6/6 levels left

rFire    . . .     SeeInvis .     - Unarmed
rCold    + + .     Gourm    .   (no shield)
rNeg     + + +     Faith    .   f - +1 plate armour
rPois    ∞         Spirit   .   (no helmet)
rElec    .         Reflect  .   (no cloak)
rCorr    .         Harm     .   p - +0 pair of gloves
MR       .....                  (no boots)
Stlth    ..........             d - amulet of magic regeneration
HPRegen  0.00/turn              q - ring of protection from cold
MPRegen  0.35/turn              (no ring)

@: agile, flying, rotting, hasted, very quick
A: rotting body, claws 1, carnivore 3, cold resistance 1, negative energy
resistance 3, inhibited regeneration, torment resistance, unbreathing
a: no special abilities


You were on level 4 of the Dungeon.
You were hungry.

You visited 2 branches of the dungeon, and saw 6 of its levels.

You collected 221 gold pieces.

Inventory:

Missiles
 n - 3 tomahawks of returning (quivered)
Armour
 f - a +1 plate armour (worn)
   (You found it on level 1 of the Dungeon)
 p - a +0 pair of gloves (worn)
   (You found it on level 3 of the Dungeon)
Jewellery
 d - an amulet of magic regeneration (around neck)
   (You took it off an orc wizard on level 4 of the Dungeon)
 q - a ring of protection from cold (left hand)
   (You found it on level 4 of the Dungeon)
Wands
 e - a wand of confusion (42/48)
   (You found it on level 4 of the Dungeon)
Scrolls
 k - a scroll of fear {!r}
 l - a scroll of recharging
 m - a scroll of amnesia
 o - a scroll of blinking {unknown}
 r - 2 scrolls of teleportation {!r}
 s - a scroll of enchant weapon {unknown}
 t - a scroll of random uselessness {unknown}
Potions
 c - a potion of flight
 g - a potion of ambrosia
 i - a potion of brilliance {unknown}
 u - a potion of haste
Comestibles
 b - 2 meat rations
 h - 3 chunks of flesh


   Skills:
 + Level 5.1 Fighting
 + Level 3.0 Armour
 + Level 4.2 Dodging
 - Level 2.1 Stealth
 * Level 6.6 Unarmed Combat


You had 6 spell levels left.
You didn't know any spells.

Dungeon Overview and Level Annotations

Branches:
Dungeon (5/15)             Temple (1/1) D:4

Altars:
Ashenzari
Cheibriados
Dithmenos
Elyvilon
Fedhas
Gozag
Hepliaklqana
Kikubaaqudgha
Nemelex Xobeh
Okawaru
Sif Muna
Trog
Uskayaw
Vehumet
Wu Jian
Xom
Yredelemnul
Zin
The Shining One

Annotations:
D:3 1 exclusion


Innate Abilities, Weirdness & Mutations

Your body is rotting away.
You thrive on raw meat.
You are immune to poison.
You have sharp fingernails.
You are carnivorous and can eat meat at any time.
Your flesh is cold resistant. (rC+)
You are immune to negative energy. (rN+++)
You do not regenerate when monsters are visible.
You are immune to unholy pain and torment.
You can survive without breathing.


Message History

The worker ant bites you but does no damage.
You hit the worker ant.
You kill the worker ant!
No target in view!
No target in view!
No target in view!
You butcher the worker ant corpse.
h - 3 chunks of flesh (gained 1)
You open the door.
A bullfrog, a hornet and a wraith come into view.
The hornet buzzes angrily.
Found 16 gold pieces.
Health restored: 61 The hornet stings you but does no damage.
There is a stone staircase leading up here.
The hornet stings you.
You climb upwards.
There is a stone staircase leading down here.
You take 3 damage, and have 58/61 hp.
You hit the hornet. The hornet stings you.
You take 3 damage, and have 55/61 hp.
You completely miss the hornet. The hornet barely misses you.
The hornet stings you but does no damage.
You feel agile all of a sudden. The hornet barely misses you.
You barely miss the hornet. The hornet completely misses you.
Your plate armour prevents you from hitting the hornet.
The hornet stings you! The hornet closely misses you.
You take 10 damage, and have 45/61 hp.
It was a potion of flight.
You feel very buoyant.
You fly up into the air.
The hornet barely misses you.
It was a potion of heal wounds.
You feel much better.
The hornet stings you but does no damage.
The hornet barely misses you.
Health restored: 61 It was a potion of haste.
You feel yourself speed up. The hornet completely misses you.
Your plate armour prevents you from hitting the hornet.
The hornet closely misses you.
You hit the hornet. The hornet stings you!
You take 9 damage, and have 52/61 hp.
Your plate armour prevents you from hitting the hornet.
The hornet stings you!
You take 9 damage, and have 43/61 hp.
You miss the hornet. The hornet barely misses you.
You hit the hornet. You closely miss the hornet.
The hornet stings you but does no damage.
You punch the hornet!
The hornet stings you but does no damage.
You hit the hornet but do no damage.
The hornet stings you but does no damage.
Your plate armour prevents you from hitting the hornet.
The hornet stings you!
You take 11 damage, and have 32/61 hp.
You hit the hornet but do no damage. The hornet stings you.
* * * LOW HITPOINT WARNING * * *
You take 4 damage, and have 28/61 hp.
You hit the hornet.
The hornet stings you but does no damage.
You hit the hornet but do no damage.
The hornet stings you but does no damage.
You hit the hornet but do no damage.
Okay, then.
You miss the hornet.
The hornet stings you but does no damage.
You hit the hornet but do no damage.
The hornet stings you but does no damage.
You hit the hornet but do no damage. The hornet stings you!
* * * LOW HITPOINT WARNING * * *
You take 10 damage, and have 18/61 hp.
You hit the hornet but do no damage. The hornet stings you.
* * * LOW HITPOINT WARNING * * *
You take 6 damage, and have 12/61 hp.
You closely miss the hornet. The hornet closely misses you.
You closely miss the hornet. Your punch misses the hornet.
You feel much better. The hornet stings you!
You regained 21 hp, and now have 33/61 hp.
Your plate armour prevents you from hitting the hornet.
You are feeling hungry.
The hornet stings you but does no damage.
You closely miss the hornet. The hornet stings you!
* * * LOW HITPOINT WARNING * * *
You hit the hornet. The hornet stings you!
* * * LOW HITPOINT WARNING * * *
You miss the hornet. The hornet stings you.
* * * LOW HITPOINT WARNING * * *
You hit the hornet.
The hornet stings you but does no damage.
You hit the hornet but do no damage. You hit the hornet. The hornet stings you.
* * * LOW HITPOINT WARNING * * *
You hit the hornet. The hornet stings you.
* * * LOW HITPOINT WARNING * * *
Your plate armour prevents you from hitting the hornet.
The hornet stings you but does no damage.
You punch the hornet! The hornet misses you.
You closely miss the hornet. The hornet stings you.
You die...

### #.# ### #.## ###.## ## #..#
##@##.## ##. #..####y###..## ##.#
### #...##..####..## #..# ..###
#........# ##..#######...
....#####........## ##....)##....
#.................###.........[..
..#................#....#####..##
....#...........#....(.## ##..#
#...............#.....## #..#


You could see a hornet.

Vanquished Creatures
  Purgy (D:4)
  An ogre (D:4)
  A howler monkey (D:4)
  3 crimson imps (D:5)
  A hound (D:4)
  A centaur skeleton (D:4)
  3 orc wizards (D:4)
  4 worker ants
  6 adders
  2 shadow imps (D:5)
  An adder zombie (D:5)
  3 worms
  2 dart slugs
  4 leopard geckos
  7 orcs
  A ball python (D:5)
  7 bats
  3 giant cockroaches
  6 goblins
  5 hobgoblins
  2 kobolds
  3 quokkas
  A frilled lizard (D:4)
  8 rats
76 creatures vanquished.

Notes
Turn   | Place    | Note
-------+----------+-------------------------------------------
     0 | D:1      | theanonym the Ghoul Monk began the quest for the Orb.
     0 | D:1      | Reached XP level 1. HP: 19/19 MP: 0/0
   293 | D:1      | Reached XP level 2. HP: 26/26 MP: 1/1
   945 | D:2      | Found a radiant altar of Vehumet.
   997 | D:2      | Reached XP level 3. HP: 31/31 MP: 2/2
  1289 | D:3      | Reached skill level 3 in Dodging
  1289 | D:3      | Reached skill level 4 in Unarmed Combat
  1291 | D:3      | Reached skill level 1 in Armour
  1581 | D:3      | Reached XP level 4. HP: 36/40 MP: 3/3
  1741 | D:3      | Found a hide-covered altar of Uskayaw.
  1809 | D:3      | Found a glowing golden altar of the Shining One.
  2177 | D:3      | Noticed a centaur
  2426 | D:4      | Noticed Purgy
  2503 | D:4      | Reached skill level 4 in Fighting
  2503 | D:4      | Reached XP level 5. HP: 29/45 MP: 4/4
  2544 | D:4      | Reached skill level 5 in Unarmed Combat
  2570 | D:4      | Reached skill level 2 in Armour
  2570 | D:4      | Reached XP level 6. HP: 32/52 MP: 5/5
  2785 | D:4      | Found a hazy altar of Hepliaklqana.
  2956 | D:4      | Killed Purgy
  2991 | D:4      | HP: 10/53 [orc wizard/magic dart (1)]
  3273 | D:4      | Found a deep blue altar of Sif Muna.
  3421 | D:4      | Reached skill level 6 in Unarmed Combat
  3421 | D:4      | Reached XP level 7. HP: 44/60 MP: 6/6
  3542 | D:4      | Found a staircase to the Ecumenical Temple.
  3557 | D:4      | Reached skill level 4 in Dodging
  3565 | Temple   | Entered the Ecumenical Temple
  3835 | D:5      | Entered Level 5 of the Dungeon
  3910 | D:5      | Found a glowing silver altar of Zin.
  4028 | D:5      | Reached skill level 5 in Fighting
  4211 | D:5      | Reached skill level 3 in Armour
  4273 | D:5      | Noticed a hornet
  4273 | D:5      | Noticed a wraith
  4305 | D:4      | HP: 12/61 [hornet (6)]
  4312 | D:4      | HP: 11/61 [hornet (3)]
  4315 | D:4      | HP: 5/61 [hornet (6)]
  4316 | D:4      | HP: 1/61 [hornet (4)]
  4319 | D:4      | Slain by a hornet

Vault maps used:
D:1:      dpeg_arrival_solitude
D:2:      old_standard_altar
D:3:      tso_altar, lemuel_doored_altar
D:4:      old_standard_altar, minmay_temple_entry_enclosed_plants,
          lemuel_blue_sif_altar, uniq_purgy
D:5:      overflow_temple_1_default, first_bread, minmay_divided_ellipse
Temple:   nicolae_temple_figure_eight

Skill      XL: |  1  2  3  4  5  6  7 |
---------------+----------------------+-----
Dodging        | 3 4 |  4.2
Unarmed Combat | 4 5 6 |  6.6
Armour         | 1 2 3 |  3.0
Fighting       | 4 5 |  5.1
Stealth        | |  2.1

Action                   |  1- 3 |  4- 6 |  7- 9 || total
-------------------------+-------+-------+-------++-------
Melee: Unarmed           |    77 |   188 |   148 ||   413
       Punch             |     1 |     2 |     1 ||     4
Throw: Tomahawk          |       |     3 |       ||     3
Evoke: Wand              |       |     4 |       ||     4
  Use: Potion            |     1 |     6 |     5 ||    12
       Scroll            |       |     2 |     5 ||     7
 Stab: Sleeping          |     2 |       |       ||     2
  Eat: Chunk             |     4 |     4 |     3 ||    11
Armor: Robe              |     3 |       |       ||     3
       Plate armour      |    44 |   142 |    96 ||   282
Dodge: Dodged            |    20 |   115 |    33 ||   168

Table legend:
 A = Spawn XP
 B = Non-spawn XP
 C = Spawn XP percentage of total XP
 D = Spawn monster count
 E = Non-spawn monster count
 F = Spawn count percentage of total count
 G = Total turns spent on level
                    A         B        C        D         E        F      G
               +---------+---------+-------+---------+---------+-------+---------
         Total |       0 |    1017 |   0.0 |       0 |      76 |   0.0 |  4319
               +---------+---------+-------+---------+---------+-------+---------
           D:1 |       0 |      18 |   0.0 |       0 |      10 |   0.0 |   824
           D:2 |       0 |      20 |   0.0 |       0 |       9 |   0.0 |   452
           D:3 |       0 |     103 |   0.0 |       0 |      27 |   0.0 |  1180
           D:4 |       0 |     596 |   0.0 |       0 |      17 |   0.0 |  1216
           D:5 |       0 |     280 |   0.0 |       0 |      13 |   0.0 |   445
               +---------+---------+-------+---------+---------+-------+---------
